 Dungeon Crawl Stone Soup version 0.26.0-45-g9c1d065592 (webtiles) character file.

Game seed: 6325060569211952307

60 hawla the Conjurer (level 3, -3/28 HPs)
             Began as a Draconian Conjurer on Jan 31, 2021.
             Slain by an ice beast (12 damage)
             ... on level 2 of the Dungeon.
             The game lasted 00:03:22 (1148 turns).

hawla the Conjurer (Draconian Conjurer)             Turns: 1148, Time: 00:03:23

Health: -3/28      AC:  5    Str:  8 (9)  XL:     3   Next: 80%
Magic:  1/7        EV: 12    Int: 16 (19) God:
Gold:   106        SH:  0    Dex:  7 (9)  Spells: 5/8 levels left

rFire    . . .     SeeInvis .   e - +2 dagger (venom)
rCold    . . .     Faith    .   (no shield)
rNeg     . . .     Spirit   .   (armour unavailable)
rPois    .         Reflect  .   (helmet restricted)
rElec    .         Harm     .   (no cloak)
rCorr    .         Rampage  .   (no gloves)
Will     .....                  (no boots)
Stlth    +.........             (no amulet)
HPRegen  0.09/turn              (no ring)
MPRegen  0.10/turn              (no ring)

@: slowed, very slow
A: unfitting armour, cold-blooded, AC +5
a: no special abilities


You were on level 2 of the Dungeon.
You visited 1 branch of the dungeon, and saw 2 of its levels.

You collected 106 gold pieces.

Inventory:

Hand Weapons
 e - a +2 dagger of venom (weapon)
Missiles
 a - 9 poisoned darts (quivered)
 b - 7 javelins
Scrolls
 i - a scroll of fear {unknown}
 l - a scroll of enchant armour {unknown}
Potions
 c - a potion of brilliance
 h - a potion of curing
 k - a potion of magic {unknown}


   Skills:
 - Level 1.0 Fighting
 - Level 1.7 Dodging
 - Level 1.7 Stealth
 + Level 3.0 Spellcasting
 + Level 4.7 Conjurations


You had 5 spell levels left.
You knew the following spells:

 Your Spells              Type           Power        Failure   Level
a - Magic Dart            Conj           68%          2%          1
b - Searing Ray           Conj           34%          4%          2

Your spell library contained the following spells:

 Spells                   Type           Power        Failure   Level
 Dazzling Flash           Conj/Hex       18%          22%         3
 Fulminant Prism          Conj/Hex       4%           56%         4
 Iskenderun's Mystic Bla  Conj/Tloc      9%           56%         4


Dungeon Overview and Level Annotations

Branches:
Dungeon (2/15)

Altars:

Annotations:
D:2 Sigmund


Innate Abilities, Weirdness & Mutations

Your plain brown scales are hard. (AC +5)
You cannot fit into any form of body armour.
You are cold-blooded and may be slowed by cold attacks.


Message History

Casting: Magic Dart (safe; 2% risk of failure)
Confirm with . or Enter, or press ? or * to list all spells.
Aiming: Searing Ray (safe; 4% risk of failure)
Press: ? - help, Shift-Dir - straight line, f - ice beast
Aim: an ice beast (22% to evade)
The searing ray hits the ice beast.
The ice beast is lightly wounded. (Press . to maintain the ray.)
The ice beast completely misses you.
The searing ray misses the ice beast.
The ice beast hits you. The ice beast freezes you!
The searing ray hits the ice beast.
The ice beast is moderately wounded.
The ice beast hits you. The ice beast freezes you!
You feel yourself slow down.
The searing ray hits the ice beast!
The ice beast is severely wounded.
You finish channeling your searing ray.
The ice beast hits you. The ice beast freezes you!
You feel as though you will be slow longer.
You die...

#...######.####.#####.#
##...# #.............
#.#.# ####...#####..
#..#.## #.###
#.##..#######.# #.
##<.....##.### # #.
####...##...####.#.# #.
................#
.......?.@.##.##
..........Y...$..
.............####
...............
#...#....#.#####
#######....# #.#### ##


You could see an ice beast.

Vanquished Creatures
  Terence (D:2)
  An adder (D:2)
  A worm (D:2)
  2 bats (D:1)
  2 giant cockroaches (D:1)
  2 goblins
  3 hobgoblins (D:1)
  2 quokkas (D:2)
  4 kobolds
  5 rats
23 creatures vanquished.

Notes
Turn   | Place    | Note
-------+----------+-------------------------------------------
     0 | D:1      | hawla the Draconian Conjurer began the quest for the Orb.
     0 | D:1      | Reached XP level 1. HP: 14/14 MP: 3/3
   315 | D:1      | Reached skill level 1 in Fighting
   315 | D:1      | Reached XP level 2. HP: 23/23 MP: 3/5
   318 | D:1      | Learned a level 2 spell: Searing Ray
   936 | D:2      | Noticed Sigmund
   938 | D:2      | Reached XP level 3. HP: 28/28 MP: 2/6
  1005 | D:2      | Noticed Terence
  1031 | D:2      | Killed Terence
  1141 | D:2      | Noticed an ice beast
  1148 | D:2      | Slain by an ice beast

Illustrated notes

Levels and vault maps discovered:
D:1:      lightli_arrival_windingriver, layout_basic, st_stairs_1
D:2:      layout_rooms, grunt_temple_overflow_open,
          chequers_ecumenical_altar_simple_redux, uniq_sigmund,
          uniq_crazy_yiuf_cottage, uniq_terence

Skill      XL: |  1  2  3 |
---------------+----------+-----
Fighting       | 1 |  1.0
Spellcasting   | 3 |  3.0
Dodging        | |  1.7
Stealth        | |  1.7
Conjurations   | |  4.7

Action                   || total
-------------------------++-------
Melee: Dagger            ||    13
       Tailslap          ||     1
 Cast: Magic Dart        ||    27
       Searing Ray       ||     7
  Use: Scroll            ||     2
       Potion            ||     6
Armor: Skin              ||    20
Dodge: Dodged            ||     4
